 Dungeon Crawl Stone Soup version 0.30-a0-354-g6b83867211 (webtiles) character file.

Game seed: 13806200759977592151

37809 LutherGrant the Carver (level 13, -1/108 HPs)
             Began as a Vine Stalker Fighter on Nov 7, 2022.
             Was a High Priest of Dithmenos.
             Slain by a meliai
             ... wielding a +0 war axe
              (3 damage)
             ... on level 13 of the Dungeon.
             The game lasted 00:33:17 (11261 turns).

LutherGrant the Carver (Vine Stalker Fighter)      Turns: 11261, Time: 00:33:18

Health: -1/108     AC: 30    Str: 22    XL:     13   Next: 99%
Magic:  0/14       EV:  2    Int:  8    God:    Dithmenos [*****.]
Gold:   838        SH:  0    Dex: 16    Spells: 12/12 levels left

rFire   . . .      SeeInvis .    B - +5 falchion (protect)
rCold   . . .      Faith    .    (no shield)
rNeg    . . .      Spirit   +    (body armour currently unavailable)
rPois   +          Reflect  .    (helmet currently unavailable)
rElec   .          Harm     .    (cloak currently unavailable)
rCorr   .          Rampage  .    (gloves currently unavailable)
Will    +....      NoTele   +    (boots currently unavailable)
Stlth   ++........               m - amulet of regeneration
HPRegen 1.98/turn                u - ring of poison resistance
MPRegen 0.14/turn                G - +4 ring of protection

@: tree-form, wreathed by umbra, studying Fighting
A: stationary, stasis, torment immunity, boosted hp, (fangs 3), regeneration 1,
magic shield, (antimagic bite), no potion heal 2
a: Renounce Religion, Shadow Step, Shadow Form


You were on level 13 of the Dungeon.
You worshipped Dithmenos.
Dithmenos was extremely pleased with you.
You were a tree.
You visited 1 branch of the dungeon, and saw 13 of its levels.
You also visited: Sewer.

You collected 1222 gold pieces.
You spent 384 gold pieces at shops.

Inventory:

Hand Weapons
 B - a +5 falchion of protection (weapon)
 C - the +7 halberd "Xapt" {vorpal, Int+4}
   (You found it on level 5 of the Dungeon)

   It inflicts extra damage upon your enemies.
   Int:       It affects your intelligence (+4).
 I - a +0 great sword
Missiles
 f - 4 throwing nets (quivered)
Armour
 c - a +0 buckler
 k - a +0 cloak (melded)
 n - a +0 pair of boots (melded)
 z - a +4 chain mail (melded)
 F - a +2 helmet
 L - a +0 helmet of see invisible (melded)
 P - a +0 pair of gloves (melded)
Jewellery
 b - an amulet of the acrobat
 m - an amulet of regeneration (around neck)
 u - a ring of poison resistance (left branch)
 v - a ring of protection from fire
 A - a ring of wizardry
 G - a +4 ring of protection (right branch)
 H - a ring of resist corrosion
 K - the amulet of Yschuvuf {RegenMP Harm}
   (You found it on level 11 of the Dungeon)

   [amulet of magic regeneration]

   It increases your rate of magic regeneration.
   Harm:      It increases damage dealt and taken.
Wands
 j - a wand of acid (6)
 o - a wand of charming (35)
 x - a wand of mindburst (16)
Scrolls
 a - 2 scrolls of brand weapon
 h - 8 scrolls of teleportation
 i - 3 scrolls of noise
 q - a scroll of amnesia
 s - 3 scrolls of identify
 w - 3 scrolls of magic mapping
 y - 2 scrolls of silence
 D - a scroll of poison
 N - a scroll of fear
 O - 3 scrolls of blinking
Potions
 e - 3 potions of flight
 g - 4 potions of ambrosia
 l - 5 potions of curing
 p - 2 potions of brilliance
 r - 2 potions of resistance
 t - a potion of lignification
 E - a potion of magic
 M - a potion of cancellation
Miscellaneous
 d - a lightning rod (4/4)


   Skills:
 + Level 10.0 Fighting
 - Level 5.4(10.7) Short Blades
 * Level 14.1(14.5) Long Blades
 - Level 1.5 Polearms
 + Level 8.4 Armour
 * Level 11.3 Dodging
 - Level 2.6 Shields


You had 12 spell levels left.
You didn't know any spells.
Your spell library contained the following spells:

 Spells                   Type           Power      Damage    Failure   Level
 Sandblast                Erth           0%         2d4       41%         1
 Summon Small Mammal      Summ           0%         N/A       41%         1
 Ensorcelled Hibernation  Hex/Ice        0%         N/A       54%         2
 Passwall                 Tmut/Erth      0%         N/A       54%         2
 Call Canine Familiar     Summ           0%         N/A       78%         3
 Spider Form              Tmut/Pois      0%         N/A       78%         3
 Stone Arrow              Conj/Erth      0%         3d7       78%         3
 Summon Guardian Golem    Hex/Summ       0%         N/A       78%         3
 Anguish                  Hex/Necr       0%         N/A       99%         4


Dungeon Overview and Level Annotations

Branches:
Dungeon (13/15)            Temple (0/1) D:4            Lair (0/5) D:8
    Orc (0/2) D:10          Sewer (visited)
 Vaults: D:13-14

Altars:
Ashenzari
Cheibriados
Dithmenos
Gozag
Nemelex Xobeh
Okawaru
Qazlal
Ru
Sif Muna
Trog
Wu Jian
Xom
Yredelemnul
Zin
The Shining One

Shops:
D:11 :**:=

Annotations:
D:11 1 runed translucent door, ytrimaz's ghost, journeyman FoFi
D:13 exclusion: oklob sapling


Innate Abilities, Weirdness & Mutations

You are a tree.
Your roots penetrate the ground, keeping you stationary.
You cannot be teleported.
You are immune to unholy pain and torment.
Your maximum health is greatly increased.
Your equipment is partially melded.
((You have razor-sharp teeth.))
Your natural rate of healing is unusually fast.
When hurt, damage is shared between your health and your magic reserves.
((Your bite disrupts and absorbs the magic of your enemies.))
Potions cannot restore your health.


Message History

The meliai stings you but does no damage.
The meliai hits you but does no damage.
The meliai stings you but does no damage.
You cannot move.
You cannot move.
You cannot move.
You swing at nothing.
The meliai calls upon its god to heal the meliai.
The meliai is healed somewhat.
The meliai hits you but does no damage.
The meliai stings you but does no damage.
The meliai hits you with a +0 war axe!
The meliai stings you but does no damage.
The meliai hits you with a +0 hand axe!
* * * LOW HITPOINT WARNING * * *
The meliai stings you but does no damage.
You swing at nothing.
The meliai barely misses you.
The meliai stings you but does no damage.
The meliai hits you but does no damage.
The meliai stings you but does no damage.
You swing at nothing.
The meliai calls upon its god to heal the meliai.
The meliai's wounds heal themselves!
The meliai calls down the wrath of its god upon you.
Something smites you!
* * * LOW HITPOINT WARNING * * *
You closely miss the meliai.
The meliai invokes the aid of its god against you.
Something smites you!
* * * LOW HITPOINT WARNING * * *
The meliai hits you but does no damage.
The meliai stings you but does no damage.
You closely miss the meliai. The meliai hits you but does no damage.
The meliai stings you.
* * * LOW HITPOINT WARNING * * *
The meliai hits you but does no damage.
The meliai stings you but does no damage.
You closely miss the meliai. The meliai hits you with a +0 war axe!
* * * LOW HITPOINT WARNING * * *
The meliai stings you.
You die...

#............#
#.#
#>...........#
#.#
#..........<.#
#.#
#............#
#.###
#............#
#....
#............#
#....
#............
#....
#............
#..##
#....♣)......
#..#
#...?yy......
#..#
#............
#..#
#....=.......
#..#
#............
#..#
#............
#..#
#............
#..#
#............
#..# #..#


You could see 2 meliai.

Vanquished Creatures
  A centaur warrior (D:13)
  6 two-headed ogres
  A tengu warrior (D:13)
  Nergalle (D:12)
  Lodul (D:13)
  A deep elf pyromancer (D:13)
  A deep elf zephyrmancer (D:7)
  4 manticores
  An ugly thing (D:13)
  4 cyclopes
  2 gargoyles
  An unseen horror (D:12)
  3 kobold demonologists
  2 komodo dragons
  A meliai (D:13)
  2 trolls (D:12)
  2 wraiths (D:12)
  A wyvern (D:9)
  A shadow (D:12)
  A yak (D:5)
  A steam dragon (D:8)
  A basilisk (D:12)
  4 acid dragons
  Menkaure (D:5)
  3 water moccasins
  Duvessa (D:4)
  2 ice beasts
  8 orc warriors
  Pargi (Sewer)
  2 sky beasts
  11 ogres
  10 centaurs
  A phantom (D:7)
  The ghost of Palms the Firebug, an amateur TeFE of Vehumet (D:3)
  8 kobold brigands
  A necrophage (D:7)
  5 scorpions
  2 bullfrogs (D:8)
  A gnoll sergeant (D:9)
  9 wights
  Dowan (D:4)
  3 killer bees (D:9)
  An electric eel (D:11)
  A howler monkey (D:9)
  7 orc priests
  5 hounds
  7 jellies
  3 gnoll boudas
  5 iguanas
  8 orc wizards
  15 gnolls
  12 adders
  A white imp (D:5)
  3 ufetubi (D:5)
  A worm (D:4)
  3 dart slugs
  35 orcs
  13 endoplasms
  3 giant cockroaches
  3 goblins
  6 hobgoblins
  17 kobolds
  9 quokkas (D:3)
  14 ball pythons
  9 bats
  4 frilled lizards
  A goblin zombie (D:5)
  A quokka zombie (D:5)
  3 rats
304 creatures vanquished.

Vanquished Creatures (others)
  An acid dragon (D:11)
  A kobold (D:4)
  9 plants (D:13)
11 creatures vanquished.

Grand Total: 315 creatures vanquished

Notes
Turn   | Place    | Note
-------+----------+-------------------------------------------
     0 | D:1      | LutherGrant the Vine Stalker Fighter began the quest for
                  | the Orb.
     0 | D:1      | Reached XP level 1. HP: 11/11 MP: 2/2
   218 | D:1      | Reached XP level 2. HP: 14/16 MP: 1/3
   434 | D:1      | Reached skill level 1 in Dodging
   666 | D:1      | Reached XP level 3. HP: 15/19 MP: 2/4
   991 | D:2      | Found a faded altar of an unknown god.
  1426 | D:3      | Found a glowing drain.
  1469 | Sewer    | Entered a sewer
  1477 | Sewer    | Gained mutation: Your natural rate of healing is unusually
                  | fast. [Vine Stalker growth]
  1477 | Sewer    | Reached XP level 4. HP: 23/24 MP: 5/5
  1499 | Sewer    | Noticed Pargi
  1513 | Sewer    | Killed Pargi
  1514 | Sewer    | Reached XP level 5. HP: 26/28 MP: 6/6
  1685 | D:3      | Found a large runed translucent door.
  1686 | D:3      | Found a large runed translucent door.
  1690 | D:3      | Noticed Palms's ghost (amateur TeFE)
  1736 | D:3      | Killed Palms's ghost
  1737 | D:3      | Reached XP level 6. HP: 32/32 MP: 7/7
  1900 | D:3      | Found a shimmering blue altar of Sif Muna.
  1904 | D:3      | Found a stormy altar of Qazlal.
  1906 | D:3      | Found a broken altar of Ashenzari.
  1906 | D:3      | Found a shadowy altar of Dithmenos.
  1906 | D:3      | Found a snail-covered altar of Cheibriados.
  1908 | D:3      | Found a sparkling altar of Nemelex Xobeh.
  1908 | D:3      | Found a shimmering altar of Xom.
  1925 | D:3      | Became a worshipper of Dithmenos the Shadowed
  2585 | D:4      | Noticed a sky beast
  2593 | D:4      | Killed a sky beast
  2594 | D:4      | Reached XP level 7. HP: 37/37 MP: 8/8
  2612 | D:4      | Reached * piety under Dithmenos
  2772 | D:4      | Noticed Duvessa
  2791 | D:4      | Killed Duvessa
  2791 | D:4      | Noticed Dowan
  2798 | D:4      | Killed Dowan
  2868 | D:4      | Found a staircase to the Ecumenical Temple.
  3032 | D:4      | Gained mutation: You have razor-sharp teeth. [Vine Stalker
                  | growth]
  3032 | D:4      | Reached XP level 8. HP: 42/42 MP: 9/9
  3331 | D:5      | Entered Level 5 of the Dungeon
  3353 | D:5      | Reached skill level 5 in Short Blades
  3494 | D:5      | Noticed Menkaure
  3506 | D:5      | Killed Menkaure
  3602 | D:5      | Reached skill level 1 in Long Blades
  3613 | D:5      | Identified the +7 halberd "Xapt" {vorpal, Int+4}
  3632 | D:5      | Reached skill level 5 in Dodging
  3633 | D:5      | Reached skill level 2 in Long Blades
  3645 | D:5      | Noticed a yak
  3649 | D:5      | Killed a yak
  3650 | D:5      | Reached skill level 1 in Polearms
  3650 | D:5      | Reached XP level 9. HP: 37/46 MP: 8/10
  3650 | D:5      | Reached ** piety under Dithmenos
  3691 | D:5      | Reached skill level 5 in Fighting
  3752 | D:5      | Found an opulent altar of Gozag.
  3997 | D:5      | Found a sand-covered staircase.
  4302 | D:6      | Identified a scroll of acquirement
  4302 | D:6      | Acquired a manual of Long Blades
  4372 | D:6      | Found a glowing silver altar of Zin.
  4735 | D:6      | Reached skill level 3 in Long Blades
  5121 | D:7      | Reached skill level 4 in Long Blades
  5295 | D:7      | Reached skill level 5 in Armour
  5422 | D:7      | Found a glowing golden altar of the Shining One.
  5438 | D:7      | Reached *** piety under Dithmenos
  5565 | D:7      | Found a sacrificial altar of Ru.
  5761 | D:7      | Noticed a deep elf zephyrmancer
  5765 | D:7      | Killed a deep elf zephyrmancer
  5766 | D:7      | Reached skill level 5 in Long Blades
  5845 | D:7      | Reached XP level 10. HP: 49/53 MP: 8/11
  5985 | D:8      | Reached skill level 6 in Long Blades
  6367 | D:8      | Reached skill level 7 in Long Blades
  6530 | D:8      | Found a bloodstained altar of Trog.
  6531 | D:8      | Found an iron altar of Okawaru.
  6576 | D:8      | Found a staircase to the Lair.
  6992 | D:9      | Reached skill level 8 in Long Blades
  7673 | D:10     | Entered Level 10 of the Dungeon
  7766 | D:10     | Noticed a gargoyle
  7773 | D:10     | Killed a gargoyle
  7917 | D:10     | Identified the +4 mace of the Mashing Shark {vorpal, Will+
                  | Int+4}
  7930 | D:10     | Found a basalt altar of Yredelemnul.
  7971 | D:10     | Noticed a two-headed ogre
  7985 | D:10     | Reached **** piety under Dithmenos
  7999 | D:10     | Killed a two-headed ogre
  8000 | D:10     | Reached skill level 9 in Long Blades
  8000 | D:10     | Reached XP level 11. HP: 36/58 MP: 9/12
  8027 | D:10     | Reached skill level 11 in Long Blades
  8027 | D:10     | Reached XP level 12. HP: 63/63 MP: 13/13
  8028 | D:10     | Reached skill level 13 in Long Blades
  8028 | D:10     | Reached skill level 10 in Dodging
  8028 | D:10     | Reached XP level 13. HP: 68/68 MP: 14/14
  8088 | D:10     | Found an ornate altar of the Wu Jian Council.
  8094 | D:10     | Found a staircase to the Orcish Mines.
  8262 | D:11     | Found Rupteaz's Book Emporium.
  8292 | D:11     | Acquired a manual of Fighting
  8400 | D:11     | Found Oliegiob's Assorted Antiques.
  8409 | D:11     | Bought a copper ring for 160 gold pieces
  8409 | D:11     | Bought a scroll of identify for 64 gold pieces
  8409 | D:11     | Bought a potion of berserk rage for 160 gold pieces
  8432 | D:11     | Found a transporter.
  8466 | D:11     | Found Nosakk's Book Emporium.
  8551 | D:11     | Found Tilarph's Jewellery Shoppe.
  8863 | D:11     | Found a runed translucent door.
  8863 | D:11     | Found a shimmering altar of Xom.
  8863 | D:11     | Noticed ytrimaz's ghost (journeyman FoFi)
  9030 | D:11     | Found Jyzileto's Assorted Antiques.
  9298 | D:11     | Found a transporter.
  9354 | D:11     | Identified the amulet of Yschuvuf {RegenMP Harm}
  9876 | D:12     | Found a glowing golden altar of the Shining One.
 10187 | D:12     | Noticed Nergalle
 10206 | D:12     | Killed Nergalle
 10628 | D:13     | Noticed Lodul
 10650 | D:13     | Killed Lodul
 10656 | D:13     | Reached skill level 14 in Long Blades
 10824 | D:13     | Reached ***** piety under Dithmenos
 11048 | D:13     | Reached skill level 10 in Fighting
 11261 | D:13     | HP: 2/108 [meliai/+0 war axe (8)]
 11261 | D:13     | Slain by a meliai

Illustrated notes

Levels and vault maps discovered:
D:1:      scummos_arrival_forest, layout_basic, minmay_tromino_v4_a
D:2:      layout_basic, shapermc_ecumenical_altar_totnotflames,
          grunt_decor_resistance, minmay_tripent
D:3:      layout_basic, grunt_temple_overflow_open, ebering_ghost_disaster_area,
          gup_sewer_entry_pipe, minmay_misc_feat_cross
D:4:      layout_loops_cross, minmay_temple_entry_overgrown, uniq_duvessa
D:5:      cheibrodos_barr_body, layout_rooms,
          nicolae_gozag_cash_rules_everything_around_me, enter_ossuary_4,
          grunt_ministairs_4, uniq_menkaure
D:6:      layout_loops_cross, zin_academy
D:7:      layout_basic, mainiacjoe_overflow_chevrons,
          nicolae_ru_sacrificial_ziggurat, guppyfry_early_elven_hall
D:8:      layout_loops_ring, grunt_temple_overflow_bloody_war,
          grunt_lair_entry_orc_guard_hut
D:9:      layout_long_grid
D:10:     layout_rooms, mainiacjoe_overflow_tiny_flanked,
          mainiacjoe_overflow_alcove_2, david_orc_2
D:11:     gammafunk_cloud_chamber, layout_basic, serial_shops,
          nicolae_shop_behind_doors, shop, shop, nicolae_shop_waterfront,
          nicolae_lakefront_shop, ebering_ghost_xom, kennysheep_generic_room_15
D:12:     layout_loops_ring, nicolae_tso_carved_into_rock, uniq_nergalle
D:13:     layout_long_grid, introduction_to_nature_2, uniq_lodul

Skill      XL: |  1  2  3  4  5  6  7  8  9 10 11 12 13 |
---------------+----------------------------------------+-----
Short Blades   | 2 3 4 5 |  5.4
Dodging        | 1 2 3 4 5 6 8 9 10 11 | 11.3
Fighting       | 3 4 5 6 7 8 10 | 10.0
Armour         | 3 4 5 6 7 8 |  8.4
Long Blades    | 2 5 9 11 13 14 | 14.1
Polearms       | 1 |  1.5
Shields        | |  2.6

Action                   |  1- 3 |  4- 6 |  7- 9 | 10-12 | 13-15 || total
-------------------------+-------+-------+-------+-------+-------++-------
Melee: Rapier            |   106 |    98 |   165 |       |       ||   369
       Bite              |    29 |    32 |   117 |    92 |   141 ||   411
       Punch             |       |     1 |    10 |     4 |     8 ||    23
       Falchion          |       |       |   131 |   315 |   333 ||   779
       Halberd           |       |       |    45 |       |       ||    45
       Long sword        |       |       |    42 |       |       ||    42
Evoke: Wand              |       |       |     1 |     2 |       ||     3
  Use: Potion            |       |     2 |     5 |     6 |     5 ||    18
       Scroll            |       |     1 |    18 |     6 |     2 ||    27
 Stab: Invisible         |       |       |       |       |     2 ||     2
Armor: Scale mail        |    60 |    62 |    46 |       |       ||   168
       Chain mail        |       |       |   166 |   164 |   211 ||   541
       Skin              |       |       |    33 |    34 |    20 ||    87
Dodge: Dodged            |    40 |    62 |   267 |   176 |   299 ||   844

Table legend: (Time is in decaauts)
 A = Elapsed time spent in this place.
 B = Non-inter-level travel time spent in this place.
 C = Inter-level travel time spent in this place.
 D = Time resting spent in this place.
 E = Time spent auto-exploring this place.
 F = Levels seen in this place.
 G = Mean time per level.
                   A        B        C        D        E       F      G
               +--------+--------+--------+--------+--------+-----+--------+
         Total |  11161 |  10442 |    719 |    238 |   7808 |  14 |  797.2 |
       Dungeon |  11076 |  10357 |    719 |    238 |   7767 |  13 |  852.0 |
         Sewer |     85 |     85 |      0 |      0 |     41 |   1 |   85.0 |
               +--------+--------+--------+--------+--------+-----+--------+

Top non-repeatable levels by time:
    D:11: 1501 daAuts
     D:3: 1008 daAuts
     D:9: 952 daAuts
     D:6: 904 daAuts
     D:5: 896 daAuts
     D:4: 857 daAuts
     D:7: 848 daAuts
     D:1: 774 daAuts
    D:12: 749 daAuts
     D:8: 739 daAuts
    D:13: 646 daAuts
     D:2: 635 daAuts
    D:10: 560 daAuts
   Sewer: 85 daAuts
